Cogmind - Beta 15 @@@ ROGUE MODE // 2025.05.09 @ 19:36:41 Player: FloorSandwich Result: Destroyed by Y-45 Defender with Heavy Assault Rifle Performance ------------- Evolutions (1) 500 Regions Visited (5) 1000 Robots Destroyed (42) 210 Value Destroyed (1453) 1453 Prototype IDs (3) 60 Alien Tech Used (0) 0 Bonus (636) 636 TOTAL SCORE: 3859 Bonus ------- High Alert Combat Kills 41 Follower Combat Kills 395 Entered Garrisons 200 Cogmind --------- Core Integrity 0/400 Matter 240/300 Energy 125/150 System Corruption 5% Temperature Warm (166) Movement Core (350) Ox6 Location -9/Garrison Parts ------- > --- POWER (1) -------- Light Angular Momentum Engine > --- PROPULSION (2) --- (None) > --- UTILITY (4) ------ Targeting Computer > --- WEAPON (2) ------- Beam Rifle Ion Burst Cannon > --- INVENTORY (5) ---- Flail Peak State ------------ > --- POWER ------------ Heavy Ion Engine > --- PROPULSION ------- Light Treads Light Treads > --- UTILITY ---------- Disposable Heat Sink Small Storage Unit Light Armor Plating Shield Generator > --- WEAPON ----------- Ion Burst Cannon Heavy Assault Rifle > --- INVENTORY -------- Ion Engine Light Angular Momentum Engine Beam Rifle Spread Laser Autogun Rocket Launcher Flail [Rating: 20] Favorites ----------- Power Heavy Ion Engine Engine Heavy Ion Engine Propulsion Light Treads Treads Light Treads Flight Unit Improved Flight Unit Utility Small Storage Unit Device Shield Generator Storage Small Storage Unit Processor Targeting Computer Protection Medium Armor Plating Weapon Autogun Energy Gun Beam Rifle Energy Cannon Ion Burst Cannon Ballistic Gun Autogun Ballistic Cannon Light Cannon Launcher Rocket Launcher Special Weapon Mining Laser Build | -11 -10 -10 -9 -9 -9 ------- Run | Yrd Mat Min Mat Sto Gar Slots Evolved 2 | . . . 2 . . Power . | . . . . . . Propulsion . | . . . . . . Utility 2 | . . . 2 . . Weapon . | . . . . . . Parts Attached 33 | 1 5 1 6 17 3 Power 4 | . 1 . 1 1 1 Engine 4 | . 1 . 1 1 1 Core . | . . . . . . Reactor . | . . . . . . Propulsion 9 | . 2 . 2 5 . Treads 6 | . 2 . 2 2 . Leg . | . . . . . . Wheel . | . . . . . . Hover . | . . . . . . Flight 3 | . . . . 3 . Utility 8 | 1 . . 1 6 . Device 2 | . . . . 2 . Storage 1 | 1 . . . . . Processor 1 | . . . . 1 . Hackware . | . . . . . . Protection 4 | . . . 1 3 . Artifact . | . . . . . . Weapon 12 | . 2 1 2 5 2 Energy Gun 4 | . 2 . 1 . 1 Energy Cannon 1 | . . . . 1 . Ballistic Gun 4 | . . . 1 2 1 Ballistic Cannon 1 | . . . . 1 . Launcher 1 | . . . . 1 . Special Weapon 1 | . . 1 . . . Impact Weapon . | . . . . . . Slashing Weapon . | . . . . . . Piercing Weapon . | . . . . . . Special Melee Weapon . | . . . . . . Unidentified Prototypes 3 | . . . . 3 . Parts Lost 17 | . 4 . . 6 7 Power 2 | . 1 . . . 1 Propulsion 5 | . 1 . . 2 2 Utility 6 | . . . . 4 2 Weapon 4 | . 2 . . . 2 Highest Loss Streak 4 | . 4 . . 2 4 To Critical Strikes 1 | . . . . . 1 Average Backups 5 | 3 1 . 2 6 4 Power 1 | . . . 1 2 1 Propulsion . | 1 . . . . . Utility . | . . . . . . Weapon 3 | 1 . . 1 4 3 Tool/Special . | . . . . . . Unused Backups 5 | . . . . 3 2 Power 1 | . . . . . 1 Propulsion 1 | . . . . 1 . Utility . | . . . . . . Weapon 3 | . . . . 2 1 Tool/Special . | . . . . . . Average Slot Usage (%) 84 | . 68 30 66 94 69 Engine 10 | . 13 . 8 11 10 Treads 17 | . 26 14 19 17 16 Flight 1 | . . . . 2 . Device 7 | . . . . 11 . Storage 10 | . 14 14 11 11 5 Processor 7 | . . . . 9 11 Protection 8 | . . . 8 9 9 Energy Gun 2 | . 13 . 8 . 1 Energy Cannon 4 | . . . . 6 . Ballistic Gun 10 | . . . 8 11 15 Ballistic Cannon 1 | . . . . 1 . Peak Build Rating 20 | 1 6 3 11 20 14 Average Rating 14 | . 4 2 8 18 10 On Entrance 5 | . 1 2 3 11 13 Naked Turns . | . . . . . . Heaviest Build 33 | 5 10 6 21 33 22 Greatest Support 40 | 3 40 20 40 40 40 Greatest Overweight (x) 9 | 1 . . . 9 6 Average Overweight (x) . | . . . . . . Largest Inventory Capacity 8 | 8 8 8 8 8 8 Average Capacity 7 | 6 8 8 8 8 6 Most Carried 8 | 5 4 1 5 8 6 Average Carried 5 | 4 . . 2 6 4 Final Capacity 8 | 8 8 8 8 8 5 Final Carried 6 | 5 . . 5 6 1 Class Distribution -------------------- 70% | Mutant 16% | Scavenger-Mutant 12% | Commander-Mutant Dominant Class ---------------- Mutant | -10/Materials Mutant | -10/Mines Scavenger-Mutant | -9/Materials Mutant | -9/Storage Mutant | -9/Garrison Resources | -11 -10 -10 -9 -9 -9 ----------- Run | Yrd Mat Min Mat Sto Gar Matter Collected 1089 | 188 33 . 92 611 165 Remotely . | . . . . . . Salvage Created 1530 | . 33 . 122 1008 367 Parts 97 | . 2 . 5 65 25 Haulers Intercepted 1 | . . . . 1 . Recyclers Shooed 1 | . . . . 1 . Parts Field Recycled . | . . . . . . Retrieved Matter . | . . . . . . Parts Self-Destructed . | . . . . . . Prevented . | . . . . . . Kills | -11 -10 -10 -9 -9 -9 ------- Run | Yrd Mat Min Mat Sto Gar Combat Hostiles Destroyed 32 | . 1 . 3 18 10 Guns 17 | . 1 . 3 5 8 Cannons 15 | . . . . 13 2 Classes Destroyed 10 | . 1 . 1 5 3 Worker 2 | . . . . 2 . Builder 2 | . . . . 2 . Hauler 1 | . . . . 1 . Recycler 2 | . . . . 2 . Mechanic 1 | . . . . . 1 Watcher 2 | . . . . 2 . Swarmer 3 | . . . . . 3 Grunt 18 | . 1 . 2 10 5 Sentry 10 | . . . 1 8 1 Specialist 1 | . . . . . 1 Best Kill Streak 6 | . 1 . 2 6 5 Combat Bots Only 5 | . 1 . 2 4 5 Max Kills in Single Turn 2 | . 1 . 2 2 1 Gunslinging 1 | . . . 1 . . Exploded . | . . . . . . Melee . | . . . . . . Uniques/NPCs Destroyed . | . . . . . . Combat | -11 -10 -10 -9 -9 -9 -------- Run | Yrd Mat Min Mat Sto Gar Hostile Shots Fired 286 | . 62 . 13 84 127 Missed 90 | . 15 . 5 22 48 Hits 196 | . 47 . 8 62 79 Projectile 196 | . 47 . 8 62 79 Critical Strikes 9 | . 1 . 1 5 2 Damage Taken 2600 | . 608 . 134 941 917 Core 535 | . 130 . 12 157 236 Absorbed by Shields 184 | . . . . 184 . Regen/Repaired (Parts) 22 | . . . . 22 . Core Remaining (%) 74 | 100 . 48 . . . Volleys Fired 126 | . 9 2 5 71 39 Largest 2 | . 2 1 2 2 2 Hottest 156 | . 80 100 100 130 156 Shots Fired 210 | . 18 2 9 125 56 Gun 151 | . 18 . 8 74 51 Cannon 43 | . . . . 38 5 Launcher 13 | . . . . 13 . Special 3 | . . 2 1 . . Kinetic 123 | . . . 4 79 40 Thermal 74 | . 18 2 5 33 16 Explosive 13 | . . . . 13 . Electromagnetic . | . . . . . . Robot Hit Streak 9 | . 8 . 4 9 6 Robot Miss Streak 6 | . 1 . 1 4 6 Penetration Max . | . . . . . . Secondary Targets 4 | . . . 1 . 3 Max Gunslinging Chain 1 | . . . 1 . 1 Shots Hit Robots 125 | . 12 . 7 73 33 Core Hits 59 | . 4 . 4 34 17 Critical Kills 1 | . . . . 1 . Critical Parts Destroyed . | . . . . . . Critical Strikes 2 | . . . . 1 1 Burn 1 | . . . . . 1 Destroy 1 | . . . . 1 . Melee Attacks . | . . . . . . Impact . | . . . . . . Slashing . | . . . . . . Piercing . | . . . . . . Sneak Attacks . | . . . . . . Combat Hostiles . | . . . . . . Follow-up Attacks . | . . . . . . Damage Inflicted 2666 | . 140 . 111 1732 683 Guns 1356 | . 140 . 87 614 515 Cannons 1234 | . . . . 1066 168 Explosions 38 | . . . . 38 . Melee . | . . . . . . Ramming 14 | . . . . 14 . Kinetic 1157 | . . . 43 686 428 Thermal 1457 | . 140 . 68 994 255 Explosive 38 | . . . . 38 . Electromagnetic . | . . . . . . Impact . | . . . . . . Slashing . | . . . . . . Piercing . | . . . . . . Highest Corruption 5 | . . . . 5 5 Average Corruption 5 | . . . . 5 5 Corruption Purged . | . . . . . . Corruption Blocked . | . . . . . . Effects 35 | . . . . 25 10 Message Errors 11 | . . . . 7 4 Matter Fused 9 | . . . . 8 1 Heat Flow Errors 3 | . . . . 2 1 Energy Discharges 4 | . . . . 2 2 Data Loss (minor) 5 | . . . . 3 2 Misfires 3 | . . . . 3 . Overload Shots . | . . . . . . Overflow Damage 22 | . . . . 22 . Projectiles 19 | . . . . 19 . Explosions 3 | . . . . 3 . Melee . | . . . . . . Knockbacks . | . . . . . . Impact . | . . . . . . Kinetic . | . . . . . . Secondary . | . . . . . . Self-Inflicted Damage 60 | . . . . 60 . Shots 3 | . . . . 3 . Rammed 1 | . . . . 1 . Targets Rammed 1 | . . . . 1 . Kicked . | . . . . . . Crushed . | . . . . . . Highest Temperature 430 | . 235 . 72 430 170 Average Temperature 90 | . 105 . 30 105 37 Received Heat Transfer 1020 | . 363 . 69 294 294 Effects 7 | . 2 . . 5 . Interference 5 | . 2 . . 3 . Short Circuit 1 | . . . . 1 . Damage (minor) 1 | . . . . 1 . Siege Activations . | . . . . . . Martial Activations . | . . . . . . Shielding Activations . | . . . . . . Robots Disrupted . | . . . . . . Combat Hostiles . | . . . . . . Robots Corrupted . | . . . . . . Combat Hostiles . | . . . . . . Parts Fried . | . . . . . . Impact Corruptions . | . . . . . . Robots Melted . | . . . . . . Combat Hostiles . | . . . . . . Parts Melted 1 | . . . . . 1 Heat Transferred 2194 | . 325 . 161 1212 496 Parts Sabotaged . | . . . . . . Parts Stolen . | . . . . . . Parts Stripped . | . . . . . . Power Chain Reactions . | . . . . . . Alert | -11 -10 -10 -9 -9 -9 ------- Run | Yrd Mat Min Mat Sto Gar Maximum Alert Level 2 | . . . . 2 2 Low Security (%) 86 | 100 100 100 100 96 . Level 1 8 | . . . . 2 61 Level 2 4 | . . . . . 38 Level 3 . | . . . . . . Level 4 . | . . . . . . Level 5 . | . . . . . . High Security . | . . . . . . Max Security . | . . . . . . Peak Influence 435 | . 10 1 64 421 435 Initial 273 | . . . . . 273 Average 86 | . 1 . 16 64 358 Influence Increases 1625 | . 20 1 145 1067 392 Destroy 0b10 Robot/C 980 | . 20 . 100 560 300 Destroy 0b10 Robot/NC 55 | . . . . 50 5 Destroy Leader 226 | . . . 40 176 10 Allied During Kill 157 | . . . 4 126 27 Successful Hack 39 | . . . . 39 . Disable Machine 30 | . . . . 30 . Anti-Garrison Action 50 | . . . . . 50 Destroy Structure 58 | . . 1 1 56 . Partial Spotted 30 | . . . . 30 . Influence Decreases 1190 | . 20 1 145 646 378 Entered New Map 148 | . . . . . 148 Time Decay 708 | . 20 1 125 562 . Lost Part 114 | . . . . 44 70 Lost Ally 220 | . . . 20 40 160 Squads Dispatched 5 | . . . 1 4 . Investigation 3 | . . . . 3 . Extermination . | . . . . . . Reinforcement 1 | . . . 1 . . Assault . | . . . . . . Garrison 1 | . . . . 1 . Intercept . | . . . . . . Searches Triggered . | . . . . . . Construction Impeded . | . . . . . . Haulers Reinforced . | . . . . . . Active Scanning Responses . | . . . . . . Cargo Convoy Interrupts . | . . . . . . Stealth | -11 -10 -10 -9 -9 -9 --------- Run | Yrd Mat Min Mat Sto Gar Distress Signals 3 | . . . 1 2 . Communications Jammed . | . . . . . . Distress Signals . | . . . . . . Times Spotted 60 | . 6 . 8 28 18 Peak Tracking Total 6 | . 4 . 4 4 6 Tactical Retreats . | . . . . . . Traps | -11 -10 -10 -9 -9 -9 ------- Run | Yrd Mat Min Mat Sto Gar Traps Triggered 2 | . . . 1 1 . Indirectly . | . . . . . . Trap Hack Attempts . | . . . . . . Triggered . | . . . . . . Disarmed . | . . . . . . Reprogrammed . | . . . . . . Reused . | . . . . . . Traps Extracted . | . . . . . . Installed . | . . . . . . Triggered . | . . . . . . Machines | -11 -10 -10 -9 -9 -9 ---------- Run | Yrd Mat Min Mat Sto Gar Machines Disabled 4 | . . . . 2 2 Max in Single Turn 1 | . . . . 1 1 Garrison Relay 1 | . . . . . 1 Machines Repaired . | . . . . . . Machines Dismantled . | . . . . . . Machines Sabotaged . | . . . . . . Overloaded Fab Kills . | . . . . . . Hacking | -11 -10 -10 -9 -9 -9 --------- Run | Yrd Mat Min Mat Sto Gar Machines Accessed 9 | . . . 1 8 . Terminals 5 | . . . 1 4 . Fabricators . | . . . . . . Repair Stations 1 | . . . . 1 . Recycling Units 2 | . . . . 2 . Scanalyzers . | . . . . . . Garrison Access 1 | . . . . 1 . Total Hacks 30 | . . . 2 28 . Successful 17 | . . . 2 15 . Failed 13 | . . . . 13 . Catastrophic 1 | . . . . 1 . Database Lockouts . | . . . . . . Manual 2 | . . . . 2 . Terminals 14 | . . . 2 12 . Fabricators . | . . . . . . Repair Stations 7 | . . . . 7 . Recycling Units 8 | . . . . 8 . Scanalyzers . | . . . . . . Garrison Access 1 | . . . . 1 . Terminal Hacks 7 | . . . 2 5 . Record 2 | . . . . 2 . Open Door 1 | . . . . 1 . Emergency Access Points 1 | . . . 1 . . Surveillance Status 1 | . . . 1 . . Extermination Status 1 | . . . . 1 . Assault Status 1 | . . . . 1 . Fabricator Hacks . | . . . . . . Repair Station Hacks 4 | . . . . 4 . Scan Component 2 | . . . . 2 . Repair 2 | . . . . 2 . Recycling Unit Hacks 5 | . . . . 5 . Recycle Component 3 | . . . . 3 . Report Inventory 1 | . . . . 1 . Retrieve Components 1 | . . . . 1 . Scanalyzer . | . . . . . . Garrison Access Hacks 1 | . . . . 1 . Unlock Access 1 | . . . . 1 . Unauthorized Hacks . | . . . . . . Terminals . | . . . . . . Fabricators . | . . . . . . Repair Stations . | . . . . . . Recycling Units . | . . . . . . Scanalyzers . | . . . . . . Garrison Access . | . . . . . . Data Cores Recovered . | . . . . . . Used . | . . . . . . Hacking Detections 7 | . . . 1 6 . Full Trace Events 2 | . . . . 2 . Feedback Events . | . . . . . . Feedback Blocked . | . . . . . . Robot Schematics Acquired . | . . . . . . Robots Built . | . . . . . . Authchips . | . . . . . . Time . | . . . . . . Total Robot Build Rating . | . . . . . . Part Schematics Acquired . | . . . . . . Parts Built . | . . . . . . Authchips . | . . . . . . Time . | . . . . . . Total Part Build Rating . | . . . . . . Parts Repaired 2 | . . . . 2 . Time 64 | . . . . 64 . Parts Recycled 3 | . . . . 3 . Recycled Matter . | . . . . . . Retrieved Matter . | . . . . . . Retrieved Components 3 | . . . . 3 . Parts Scanalyzed . | . . . . . . Part Schematics Acquired . | . . . . . . Parts Damaged . | . . . . . . Bothacking | -11 -10 -10 -9 -9 -9 ------------ Run | Yrd Mat Min Mat Sto Gar Used RIF Installer . | . . . . . . Robots Hacked . | . . . . . . Non-combat . | . . . . . . Combat . | . . . . . . Robot Hacks Applied . | . . . . . . Relay Couplers Released 4 | . . . . . 4 Machine Destruction 4 | . . . . . 4 Fabnet Peak Effective % . | . . . . . . Robots Rewired . | . . . . . . Allies Hacked . | . . . . . . Hacks Repelled . | . . . . . . Allies | -11 -10 -10 -9 -9 -9 -------- Run | Yrd Mat Min Mat Sto Gar Total Allies 11 | . . 1 . 10 . Largest Group 10 | . . 1 1 10 8 Highest-Rated Group 88 | . . 31 31 88 71 Highest-Rated Ally 31 | . . 31 31 16 16 Total Orders . | . . . . . . Ally Attacks 96 | . . . 10 47 39 Total Damage 887 | . . . 106 386 395 Kills 17 | . . . 2 10 5 Allies Corrupted . | . . . . . . Allies Melted . | . . . . . . Intel | -11 -10 -10 -9 -9 -9 ------- Run | Yrd Mat Min Mat Sto Gar Active Infowar (turns) . | . . . . . . Robot Analysis Total . | . . . . . . Derelict Logs Recovered . | . . . . . . Drone Launches . | . . . . . . Drone Recoveries . | . . . . . . Exploration | -11 -10 -10 -9 -9 -9 ------------- Run | Yrd Mat Min Mat Sto Gar Turns Passed 4140 | 69 197 150 440 2813 471 Spaces Moved 2246 | 83 104 88 254 1483 234 Core 127 | 83 . . . 41 3 Treads 1941 | . 104 88 254 1264 231 Legs . | . . . . . . Wheels . | . . . . . . Hover . | . . . . . . Flight 178 | . . . . 178 . Fastest Speed 50 | 50 160 160 160 107 160 Average Speed 165 | 76 160 160 160 173 161 Slowest Speed 500 | 100 160 160 160 500 350 Overloaded Moves . | . . . . . . Propulsion Burnouts . | . . . . . . Robots Hopped . | . . . . . . Potential Cave-ins 4 | . . . . 4 . Cave-ins Triggered 1 | . . . . 1 . Exploration Rate (%) 28 | 4 16 17 19 81 35 Regions Visited 5 Branch Regions 2 Pre-discovered Areas . | . . . . . . Known Exits Taken 1 | . . . . 1 . Unknown Exits Taken 4 | 1 1 1 1 . . Scrap Searched . | . . . . . . Spaces Dug 60 | . . 2 . 58 . Terrain Destroyed 100 | . . 2 . 98 . Melee . | . . . . . . Projectile 2 | . . 2 . . . AOE 98 | . . . . 98 . Terrain Rammed . | . . . . . . Walls Destroyed . | . . . . . . Machines Disabled . | . . . . . . Actions | -11 -10 -10 -9 -9 -9 --------- Run | Yrd Mat Min Mat Sto Gar Total 2453 | 88 117 91 277 1602 278 Wait . | . . . . . . Move 2240 | 82 103 87 253 1481 234 Hop . | . . . . . . Pick Up 36 | 5 . 1 11 19 . Fast Attach 4 | 1 . . . 3 . Attach 29 | . 5 1 5 14 4 Detach 2 | . . . . 2 . Swap 2 | . . . 1 1 . Drop 12 | . . . 2 9 1 Fire 126 | . 9 2 5 71 39 Melee . | . . . . . . Ram . | . . . . . . Kick . | . . . . . . Crush 1 | . . . . 1 . Escape Stasis 1 | . . . . 1 . Rewire . | . . . . . . Trap . | . . . . . . Miscellaneous . | . . . . . . Route ------- -11/Scrapyard -10/Materials -10/Mines -9/Materials -9/Storage (discovered 2 exits: [*Mat] / Gar) -9/Garrison History --------- Turn | Location | Event 7 | -11/Scrapyard | Discovered new exit (range 15) 70 | -11/Scrapyard | Entered Materials 239 | -10/Materials | Discovered new exit (range 9) 267 | -10/Materials | Entered Mines 268 | -10/Mines | Core integrity fell below 50% 296 | -10/Mines | Lost 4 parts (1p1n2w) 315 | -10/Mines | Build established: Mutant 351 | -10/Mines | Found a hidden stash of uninstalled traps 384 | -10/Mines | Discovered new exit (range 6) 386 | -10/Mines | Received a Mining Laser from a helpful Derelict 417 | -10/Mines | Entered Materials 417 | -9/Materials | Accompanied by 1 ally 417 | -9/Materials | Evolved 2 slots: Utility x2 779 | -9/Materials | Discovered new exit (range 12) 820 | -9/Materials | Build established: Scavenger-Mutant 857 | -9/Materials | Entered Storage 1371 | -9/Storage | Repaired Rocket Launcher 1403 | -9/Storage | Repaired Shield Generator 1495 | -9/Storage | Build established: Mutant 2861 | -9/Storage | Crushed by falling debris 3360 | -9/Storage | Assisted by bots powering up and referring to "LRC-V3" 3571 | -9/Storage | Discovered new exit (range 16) 3648 | -9/Storage | Build established: Commander-Mutant 3649 | -9/Storage | Garrison activated, responded to threat 3668 | -9/Storage | Identified exit to Garrison 3670 | -9/Storage | Entered Garrison 3670 | -9/Garrison | Accompanied by 8 allies 3710 | -9/Garrison | Triggered checkpoint 3738 | -9/Garrison | Garrison Relay disabled 3816 | -9/Garrison | Triggered checkpoint 3866 | -9/Garrison | Triggered checkpoint 3868 | -9/Garrison | Lost 3 allies 3868 | -9/Garrison | Triggered checkpoint 3883 | -9/Garrison | Core integrity fell below 50% 3907 | -9/Garrison | Lost 5 allies 3932 | -9/Garrison | Triggered checkpoint 4114 | -9/Garrison | Core integrity fell below 20% 4141 | -9/Garrison | Lost 4 parts (1p1n1u1w) 4141 | -9/Garrison | Destroyed by Y-45 Defender with Heavy Assault Rifle Last Messages --------------- System corrupted: Matter fused (-6). :%7EJJXY9DO&2//D% A Y/ G-34 Mercenary springs to life. X-57 Shotgunner springs to life. Lgt. Armor Plating destroyed. Machine disabled. IKJL% %:8>8Z4